 Dungeon Crawl Stone Soup version 0.20.1-1-g8b1a95d (webtiles) character file.

219 Artikas the Shield-Bearer (level 5, 0/46 HPs)
             Began as a Minotaur Fighter on Dec 9, 2017.
             Succumbed to an adder's poison
             ... on level 3 of the Dungeon.
             The game lasted 00:09:43 (2126 turns).

Artikas the Shield-Bearer (Minotaur Fighter)        Turns: 2126, Time: 00:09:43

Health: 0/46       AC:  7    Str: 22    XL:     5   Next: 63%
Magic:  4/4        EV:  8    Int:  5    God:
Gold:   98         SH: 10    Dex:  9    Spells: 4/4 levels left

rFire    . . .     SeeInvis .   a - +0 long sword
rCold    . . .     Gourm    .   c - +0 shield
rNeg     . . .     Faith    .   b - +0 scale mail
rPois    .         Spirit   .   (helmet restricted)
rElec    .         Reflect  .   (no cloak)
rCorr    .         Harm     .   (no gloves)
MR       .....                  (no boots)
Stlth    ..........             (no amulet)
Regen    0.2/turn               (no ring)
MPRegen  0.1/turn               (no ring)

@: lethally poisoned (0 -> -2)
A: retaliatory headbutt, horns 2
a: no special abilities


You were on level 3 of the Dungeon.
You were not hungry.

You visited 1 branch of the dungeon, and saw 3 of its levels.

You collected 98 gold pieces.

Inventory:

Hand Weapons
 a - a +0 long sword (weapon)
Armour
 b - a +0 scale mail (worn)
 c - a +0 shield (worn)
 k - a +0 helmet
Scrolls
 e - 2 scrolls of remove curse {unknown}
 i - a scroll of identify {unknown}
 j - a scroll of enchant weapon {unknown}
 n - a scroll of teleportation {unknown}
Potions
 d - 2 potions of might
 h - a potion of heal wounds {unknown}
 l - a potion of degeneration {unknown}
 o - a potion of haste {unknown}
 p - a potion of lignification {unknown}
Comestibles
 f - a bread ration
 g - a royal jelly
 m - 4 fruits
 q - 6 chunks of flesh


   Skills:
 + Level 4.2 Fighting
 + Level 4.4 Long Blades
 + Level 4.7 Armour
 + Level 1.4 Dodging
 + Level 5.0 Shields


You had 4 spell levels left.
You didn't know any spells.

Dungeon Overview and Level Annotations

Branches:
Dungeon (3/15)

Altars:
Fedhas
Qazlal
Ru

Annotations:
D:3 Sigmund


Innate Abilities, Weirdness & Mutations

You reflexively headbutt those who attack you in melee.
You have a pair of horns on your head.


Message History

You feel less confused.
Sigmund flickers, as though insubstantial.
The adder barely misses you.
You riposte.
You closely miss the adder. The adder barely misses you.
The adder bites you but does no damage. You block the adder's attack.
The adder bites you but does no damage.
Sigmund casts a spell.
Sigmund flickers and vanishes!
Deactivating autopickup; reactivate with Ctrl-A.
You see here a dagger.
The adder bites you.
* * * LOW HITPOINT WARNING * * *
The adder bites you.
* * * LOW HITPOINT WARNING * * *
The adder bites you.
* * * LOW HITPOINT WARNING * * *
You are lethally poisoned!
The adder poisons you!
You die...

#########.##.#######.##.#######..
..# #.#.....# #.##.# #..
..#######.#####.####.##.#######[.
...........................<.....
############.##.####.##.#..####.#
######.#.##.........#..# #.#
#..........g.{......##.####.#
.....#.########.#.#.##.##.... ...
#.#<...@.#.#...##.##.... .
#)######.#.#.####.##....
#..g...S.#.@......##....
############.####..#....
###########@#...#.#....
.........##.#.#.#...#'#
............#.#.##..#.#
.........####.#.##..#.#
.......@.# #.#.....#.#


There were no monsters in sight!

Vanquished Creatures
  Jessica (D:2)
  Natasha (thrice) (D:2)
  The ghost of dscm the Stinger, a weakling OpVM (D:3)
  Robin (D:2)
  2 adders
  A dart slug (D:2)
  A leopard gecko (D:1)
  5 orcs (D:3)
  A ball python (D:1)
  2 giant cockroaches
  12 goblins
  12 hobgoblins
  4 jackals (D:2)
  7 kobolds
  2 quokkas
  6 bats
  A frilled lizard (D:1)
  5 rats
67 creatures vanquished.

Notes
Turn   | Place    | Note
-------+----------+-------------------------------------------
     0 | D:1      | Artikas the Minotaur Fighter began the quest for the Orb.
     0 | D:1      | Reached XP level 1. HP: 19/19 MP: 0/0
   169 | D:1      | Reached XP level 2. HP: 16/26 MP: 1/1
   484 | D:1      | Reached skill level 4 in Shields
   766 | D:2      | Noticed Robin
   777 | D:1      | Reached XP level 3. HP: 21/33 MP: 2/2
  1004 | D:2      | Killed Robin
  1049 | D:2      | Found a sacrificial altar of Ru.
  1136 | D:2      | Noticed Jessica
  1139 | D:2      | Killed Jessica
  1139 | D:2      | Reached XP level 4. HP: 39/40 MP: 3/3
  1169 | D:2      | Found a stormy altar of Qazlal.
  1235 | D:2      | Noticed Natasha
  1247 | D:2      | Killed Natasha
  1247 | D:2      | Reached skill level 1 in Dodging
  1374 | D:2      | Found a blossoming altar of Fedhas.
  1452 | D:2      | Noticed Natasha
  1456 | D:2      | Killed Natasha
  1456 | D:2      | Reached XP level 5. HP: 46/46 MP: 4/4
  1507 | D:2      | Noticed Natasha
  1514 | D:2      | Killed Natasha
  1532 | D:3      | Noticed dscm's ghost (weakling OpVM)
  1541 | D:3      | Killed dscm's ghost
  1698 | D:3      | Reached skill level 5 in Shields
  2062 | D:3      | Noticed Sigmund
  2092 | D:3      | HP: 1/46 [Sigmund/magic dart (4)]
  2122 | D:3      | HP: 2/46 [adder (3)]
  2126 | D:3      | Succumbed to an adder's poison

Skill      XL: |  1  2  3  4  5 |
---------------+----------------+-----
Armour         | 4 |  4.7
Shields        | 4 5 |  5.0
Fighting       | 4 |  4.2
Long Blades    | 3 4 |  4.4
Dodging        | 1 |  1.4

Action                   |  1- 3 |  4- 6 || total
-------------------------+-------+-------++-------
Melee: Long sword        |    93 |    63 ||   156
       Headbutt          |    16 |    10 ||    26
  Eat: Chunk             |     1 |     3 ||     4
Armor: Scale mail        |    43 |    25 ||    68
Dodge: Dodged            |    33 |    17 ||    50
Block: Shield            |    65 |    33 ||    98
       Rpst.: Long sword |    13 |     5 ||    18
